 Dungeon Crawl Stone Soup version 0.27.1-3-gb3d3a73c9e (webtiles) character file.

Game seed: 10079286767027591105

0 Descartes the Sneak (level 1, -5/11 HPs)
             Began as a Spriggan Delver on Oct 18, 2021.
             Killed from afar by Ijyb (7 damage)
             ... with a puff of flame
             ... on level 4 of the Dungeon.
             The game lasted 00:00:33 (284 turns).

Descartes the Sneak (Spriggan Delver)                Turns: 284, Time: 00:00:33

Health: -5/11      AC:  2    Str:  8    XL:     1   Next: 8%
Magic:  2/2        EV: 17    Int: 11    God:
Gold:   43         SH:  0    Dex: 16    Spells: 0/0 levels left

rFire    . . .     SeeInvis +   a - +0 short sword
rCold    . . .     Faith    .   (shield restricted)
rNeg     . . .     Spirit   .   b - +0 robe
rPois    .         Reflect  .   (helmet restricted)
rElec    .         Harm     .   (no cloak)
rCorr    .         Rampage  .   (gloves unavailable)
Will     .....                  (boots unavailable)
Stlth    ++++......             (no amulet)
HPRegen  0.03/turn              (no ring)
MPRegen  0.08/turn              (no ring)

@: very quick
A: very small, no large weapons, unfitting armour, see invisible, speed 3
a: no special abilities


You were on level 4 of the Dungeon.
You visited 1 branch of the dungeon, and saw 2 of its levels.

You collected 43 gold pieces.

Inventory:

Hand Weapons
 a - a +0 short sword (weapon)
 l - a +0 falchion of holy wrath
Missiles
 k - 26 stones (quivered)
Armour
 b - a +0 robe (worn)
Wands
 g - a wand of digging (3)
 h - a wand of polymorph (13)
 j - a wand of acid (10)
Scrolls
 c - 2 scrolls of fog
 d - a scroll of magic mapping
 e - a scroll of fear
 m - a scroll of identify {unknown}
Potions
 f - a potion of haste
 i - 2 potions of heal wounds {unknown}
 n - a potion of flight {unknown}


   Skills:
 + Level 2.4 Fighting
 + Level 2.1 Short Blades
 + Level 2.6 Dodging
 + Level 7.3 Stealth


You couldn't memorise any spells.
You didn't know any spells.
Your spell library was empty.

Dungeon Overview and Level Annotations

Branches:
Dungeon (5/15)
 Temple: D:4-7

Altars:

Annotations:
D:4 Eustachio, Ijyb


Innate Abilities, Weirdness & Mutations

You are very small and have problems with some larger weapons.
You are too small for most types of armour.
You have supernaturally acute eyesight. (SInv)
You cover ground extremely quickly. (Speed+++)


Message History

A sky beast comes into view.
The sky beast moves out of view.
You see here 11 bolts.
There is a stone staircase leading up here.
You climb upwards.
Found 7 boomerangs and 12 gold pieces.
Found a stone staircase leading up.
There is a stone staircase leading down here.
A quokka comes into view.
A goblin comes into view. It is wielding a +0 dagger.
Found a scroll of magic mapping.
Eustachio the Magnificent comes into view.
He is wielding a +0 falchion.
You hit the ball python.
You kill the ball python!
Eustachio mumbles some strange words.
You hear an angry hiss.
An iguana and Ijyb come into view.
Ijyb is wielding a +0 dagger and carrying a wand of flame (20).
You see here a ball python corpse.
You hit the quokka but do no damage. The quokka closely misses you.
The crimson imp blinks!
You barely miss the quokka.
Ijyb shouts!
The quokka closely misses you.
Ijyb zaps a wand.
The puff of flame hits you!
Ouch! That really hurt!
* * * LOW HITPOINT WARNING * * *
You are too injured to fight recklessly!
You are too injured to fight recklessly!
You are too injured to fight recklessly!
You are too injured to fight recklessly!
You are too injured to fight recklessly!
You are too injured to fight recklessly!
You are too injured to fight recklessly!
You are too injured to fight recklessly!
You are too injured to fight recklessly!
You are too injured to fight recklessly!
You are too injured to fight recklessly!
You see here a ball python corpse.
Ijyb zaps a wand.
The puff of flame hits you!
Ouch! That really hurt!
You die...

####### #.....#
#...<.####
#....(...#
#........#
#..>.....#
###.##...##
###.......#
##..@.#....#
.###.....#.....
.......r.....##
...............
..#...$@.......
. ##...l.####..
.g..5... .
..#.....?.. .
#.......##


You could see Eustachio, Ijyb, an iguana, a crimson imp (summoned) and a quokka.

Vanquished Creatures
  A ball python (D:4)
1 creature vanquished.

Notes
Turn   | Place    | Note
-------+----------+-------------------------------------------
     0 | D:5      | Descartes the Spriggan Delver began the quest for the Orb.
     0 | D:5      | Reached XP level 1. HP: 11/11 MP: 2/2
   228 | D:5      | Noticed a sky beast
   276 | D:4      | Noticed Eustachio
   278 | D:4      | Noticed Ijyb
   278 | D:4      | Noticed a crimson imp
   278 | D:4      | Noticed an iguana
   284 | D:4      | Killed from afar by Ijyb

Illustrated notes

Levels and vault maps discovered:
D:4:      layout_rooms, uniq_eustachio, uniq_blork_the_orc, uniq_ijyb
D:5:      layout_cave_pods, minmay_puff

Action                   || total
-------------------------++-------
Melee: Short sword       ||     3
Dodge: Dodged            ||     2
